Selects Luftwaffe Battlegroup
Selects Luftwaffe Pioneer Support
Fallschirmpioneer Squad Paradrop
Construct Infanterie Kompanie
Construct Panzergrenadier Kompanie
Selects Flak 38 Anti-Air Emplacement
Pak 40 Anti-tank Gun Team
Selects Stuka Strafing Run
Selects Fallschirmjäger Squad Paradrop
Fallschirmjäger Squad Paradrop
Selects Flak 36 Anti-tank Gun Emplacement
Nebelwerfer 42 Rocket Launcher Team
Construct Panzer Kompanie
Selects Fragmentation Bombs
Nebelwerfer 42 Rocket Launcher Team
Fallschirmpioneer Squad Paradrop